 Dungeon Crawl Stone Soup version 0.27.1-34-g3ba077fa99 (webtiles) character file.

Game seed: 2585703180017927955

1028 Renzlar the Shield-Bearer (level 8, -2/100 HPs)
             Began as a Gnoll Fighter on Jan 16, 2022.
             Slain by an acid dragon (7 damage)
             ... in the Ecumenical Temple.
             The game lasted 00:15:33 (5048 turns).

Renzlar the Shield-Bearer (Gnoll Fighter)           Turns: 5048, Time: 00:15:35

Health: -2/100     AC: 16    Str: 17    XL:     8   Next: 23%
Magic:  12/12      EV:  2    Int:  9    God:
Gold:   231        SH: 10    Dex: 11    Spells: 13/13 levels left

rFire    . . .     SeeInvis .   a - +0 war axe
rCold    . . .     Faith    .   c - +0 kite shield
rNeg     + + +     Spirit   .   (armour currently unavailable)
rPois    +         Reflect  .   (helmet currently unavailable)
rElec    .         Harm     .   (cloak currently unavailable)
rCorr    .         Rampage  .   (gloves currently unavailable)
Will     .....     NoTele   +   (boots currently unavailable)
Stlth    ++........             (no amulet)
HPRegen  0.26/turn              (no ring)
MPRegen  0.13/turn              (no ring)

@: tree-form, corroded
A: stationary, stasis, torment immunity, boosted hp, (fangs 1), strong nose,
distributed training
a: no special abilities


You were in the Ecumenical Temple.
You were a tree.
You visited 2 branches of the dungeon, and saw 6 of its levels.

You collected 231 gold pieces.

Inventory:

Hand Weapons
 a - a +0 war axe (weapon)
 e - a +1 dagger of flaming
Missiles
 i - 175 stones (quivered)
 q - 18 sling bullets
 u - 2 throwing nets
 v - 13 bolts
Armour
 b - a +0 scale mail
 c - a +0 kite shield (worn)
 d - a +0 pair of boots (melded)
 m - a +0 chain mail (melded)
Scrolls
 h - a scroll of noise {unknown}
 l - a scroll of torment {unknown}
 n - a scroll of blinking {unknown}
 o - a scroll of fog {unknown}
 p - a scroll of acquirement {unknown}
 s - 2 scrolls of teleportation {unknown}
Potions
 g - a potion of lignification
 j - a potion of degeneration {unknown}
 r - a potion of mutation {unknown}


   Skills:
 + Level 7.3 Fighting
 + Level 3.1 Short Blades
 + Level 3.1 Long Blades
 + Level 5.5 Axes
 + Level 3.1 Maces & Flails
 + Level 3.1 Polearms
 + Level 3.1 Staves
 + Level 3.1 Slings
 + Level 3.1 Bows
 + Level 3.1 Crossbows
 + Level 3.1 Throwing
 + Level 7.3 Armour
 + Level 3.1 Dodging
 + Level 3.1 Stealth
 + Level 7.3 Shields
 + Level 3.1 Unarmed Combat
 + Level 3.1 Spellcasting
 + Level 2.5 Conjurations
 + Level 2.5 Hexes
 + Level 2.5 Summonings
 + Level 2.5 Necromancy
 + Level 2.5 Translocations
 + Level 2.5 Transmutations
 + Level 2.5 Fire Magic
 + Level 2.5 Ice Magic
 + Level 2.5 Air Magic
 + Level 2.5 Earth Magic
 + Level 2.5 Poison Magic
 + Level 3.4 Invocations
 + Level 3.1 Evocations


You had 13 spell levels left.
You didn't know any spells.
Your spell library contained the following spells:

 Spells                   Type           Power      Damage    Failure   Level
 Sublimation of Blood     Necr           2%         N/A       41%         2
 Summon Guardian Golem    Hex/Summ       5%         N/A       65%         3
 Petrify                  Tmut/Erth      5%         N/A       96%         4
 Irradiate                Conj/Tmut      2%         3d14      100%        5
 Orb of Destruction       Conj           2%         9d1       100%        7
 Spellforged Servitor     Conj/Summ      2%         N/A       100%        7


Dungeon Overview and Level Annotations

Branches:
Dungeon (5/15)             Temple (1/1) D:5

Altars:
Dithmenos
Fedhas
Gozag
Hepliaklqana
Kikubaaqudgha
Makhleb
Qazlal
Ru
Sif Muna
Trog
Xom
Yredelemnul
Zin
The Shining One

Shops:
D:4 :[[


Innate Abilities, Weirdness & Mutations

You are a tree.
Your roots penetrate the ground, keeping you stationary.
You cannot be teleported.
You are immune to unholy pain and torment.
Your maximum health is greatly increased.
Your equipment is partially melded.
((You have very sharp teeth.))
Your uncanny sense of smell can sniff out nearby items.
Your experience applies equally to all skills.


Message History

You block the splash of acid.
You hit the acid dragon but do no damage.
The acid dragon is heavily wounded.
The acid dragon bites you but does no damage.
The acid dragon claws you but does no damage.
You hit the acid dragon but do no damage.
The acid dragon is heavily wounded.
You block the acid dragon's attack. x2; The acid dragon bites you!
* * * LOW HITPOINT WARNING * * *
The acid dragon claws you.
* * * LOW HITPOINT WARNING * * *
You hit the acid dragon.
The acid dragon is heavily wounded.
You block the acid dragon's attack. The acid dragon claws you.
* * * LOW HITPOINT WARNING * * *
Your shield prevents you from hitting the acid dragon.
The acid dragon is heavily wounded.
The acid dragon bites you but does no damage.
You block the acid dragon's attack.
You barely miss the acid dragon.
The acid dragon is heavily wounded.
The acid dragon bites you.
* * * LOW HITPOINT WARNING * * *
The acid dragon claws you but does no damage.
The acid dragon bites you.
* * * LOW HITPOINT WARNING * * *
You block the acid dragon's attack.
Okay, then.
You hit the acid dragon but do no damage.
The acid dragon is heavily wounded.
The acid dragon bites you but does no damage.
The acid dragon claws you.
* * * LOW HITPOINT WARNING * * *
You barely miss the acid dragon.
The acid dragon is heavily wounded.
The acid dragon bites you but does no damage.
The acid dragon claws you.
* * * LOW HITPOINT WARNING * * *
The acid dragon bites you!
You die...

#########################
...............D♣)......#
#'##############))#####.#
#..#...#.._.#..#..#...#.#
#..#...#....#..'..#._.#.#
####...#'#######..'...#.#
#_.#...#.#._#..#.######.#
#..##'##.#..#._#.'...∩#.#
#'##..⌠..##'#..#.#....#.#
............##'#.#....#.#


You could see an acid dragon.

Vanquished Creatures
  A shadow (D:5)
  A sky beast (D:5)
  A necrophage (D:4)
  An ogre (D:5)
  Blork the orc (D:4)
  A scorpion (D:5)
  A water moccasin skeleton (D:4)
  3 killer bees (Temple)
  2 howler monkeys
  A bullfrog zombie (D:5)
  A gnoll shaman (D:5)
  A hound skeleton (D:5)
  A howler monkey zombie (D:5)
  3 gnolls (Temple)
  3 adders
  2 adder skeletons (D:4)
  4 dart slugs
  4 orcs
  6 ball pythons
  7 endoplasms
  5 giant cockroaches
  6 goblins
  4 hobgoblins
  3 quokkas
  5 bats
  3 frilled lizards
  7 kobolds
  6 rats
84 creatures vanquished.

Vanquished Creatures (others)
  31 plants (D:3)
31 creatures vanquished.

Grand Total: 115 creatures vanquished

Notes
Turn   | Place    | Note
-------+----------+-------------------------------------------
     0 | D:1      | Renzlar the Gnoll Fighter began the quest for the Orb.
     0 | D:1      | Reached XP level 1. HP: 23/23 MP: 1/1
   162 | D:1      | Reached XP level 2. HP: 29/29 MP: 2/2
   247 | D:1      | Found a faded altar of an unknown god.
   502 | D:1      | You fall into a shaft and drop 1 floor!
   797 | D:2      | Reached XP level 3. HP: 35/35 MP: 3/3
  1014 | D:2      | Reached skill level 1 in Invocations
  1812 | D:3      | Reached skill level 1 in Short Blades
  1812 | D:3      | Reached skill level 1 in Long Blades
  1812 | D:3      | Reached skill level 1 in Maces & Flails
  1812 | D:3      | Reached skill level 1 in Polearms
  1812 | D:3      | Reached skill level 1 in Staves
  1812 | D:3      | Reached skill level 1 in Slings
  1812 | D:3      | Reached skill level 1 in Bows
  1812 | D:3      | Reached skill level 1 in Crossbows
  1812 | D:3      | Reached skill level 1 in Throwing
  1812 | D:3      | Reached skill level 1 in Dodging
  1812 | D:3      | Reached skill level 1 in Stealth
  1812 | D:3      | Reached skill level 1 in Unarmed Combat
  1812 | D:3      | Reached skill level 1 in Spellcasting
  1812 | D:3      | Reached skill level 1 in Evocations
  1853 | D:3      | Reached XP level 4. HP: 30/41 MP: 5/5
  1855 | D:3      | Reached skill level 1 in Conjurations
  1855 | D:3      | Reached skill level 1 in Hexes
  1855 | D:3      | Reached skill level 1 in Summonings
  1855 | D:3      | Reached skill level 1 in Necromancy
  1855 | D:3      | Reached skill level 1 in Translocations
  1855 | D:3      | Reached skill level 1 in Transmutations
  1855 | D:3      | Reached skill level 1 in Fire Magic
  1855 | D:3      | Reached skill level 1 in Ice Magic
  1855 | D:3      | Reached skill level 1 in Air Magic
  1855 | D:3      | Reached skill level 1 in Earth Magic
  1855 | D:3      | Reached skill level 1 in Poison Magic
  2345 | D:4      | Reached XP level 5. HP: 45/47 MP: 6/6
  2380 | D:4      | Noticed a necrophage
  2391 | D:4      | Killed a necrophage
  2392 | D:4      | Reached XP level 6. HP: 43/53 MP: 8/8
  2546 | D:4      | Found a glowing golden altar of the Shining One.
  2548 | D:4      | Noticed an angel
  2551 | D:4      | Found Maolas's Book Emporium.
  2637 | D:4      | Found a basalt altar of Yredelemnul.
  2639 | D:4      | Noticed a profane servitor
  2673 | D:4      | Found Futo's Antique Armour Emporium.
  2709 | D:4      | Found Ruhoig's Antique Armour Shop.
  2740 | D:4      | Noticed Blork the orc
  2752 | D:4      | Killed Blork the orc
  2753 | D:4      | Reached skill level 5 in Axes
  2951 | D:4      | Found a bloodstained altar of Trog.
  3059 | D:5      | Entered Level 5 of the Dungeon
  3060 | D:5      | Noticed a sky beast
  3081 | D:5      | Killed a sky beast
  3082 | D:5      | Reached XP level 7. HP: 21/59 MP: 10/10
  3300 | D:5      | Found a bloodstained altar of Trog.
  3300 | D:5      | Noticed a shadow
  3333 | D:5      | Killed a shadow
  3660 | D:5      | Found a staircase to the Ecumenical Temple.
  3671 | Temple   | Entered the Ecumenical Temple
  4305 | D:5      | Reached XP level 8. HP: 23/67 MP: 12/12
  4867 | D:5      | Found a sacrificial altar of Ru.
  5048 | Temple   | HP: 5/100 [acid dragon (2)]
  5048 | Temple   | Slain by an acid dragon

Illustrated notes

Levels and vault maps discovered:
D:1:      lemuel_arrival_broad_hall, layout_basic,
          ebering_ecumenical_altar_abandoned, minivault_4, minmay_misc_feat_iff,
          chequers_serial_rivers_micro_a
D:2:      layout_basic, minmay_pentomino_o2
D:3:      layout_rooms, corexii_leaking_fountain, serial_bayou_lagoon_a
D:4:      layout_basic, grunt_temple_overflow_holy_war, marbit_many_paths,
          serial_shops, kennysheep_mini_moat,
          nicolae_shop_competitors_out_of_business, shop,
          nicolae_zen_rock_garden, minmay_vboxes, uniq_blork_the_orc
D:5:      layout_cave_pods, minmay_temple_entry_ruins, hangedman_feature_mirror
Temple:   bh_familiar_temple

Skill      XL: |  1  2  3  4  5  6  7  8 |
---------------+-------------------------+-----
Invocations    | 1 2 3 |  3.4
Short Blades   | 1 2 3 |  3.1
Long Blades    | 1 2 3 |  3.1
Maces & Flails | 1 2 3 |  3.1
Polearms       | 1 2 3 |  3.1
Staves         | 1 2 3 |  3.1
Slings         | 1 2 3 |  3.1
Bows           | 1 2 3 |  3.1
Crossbows      | 1 2 3 |  3.1
Throwing       | 1 2 3 |  3.1
Dodging        | 1 2 3 |  3.1
Stealth        | 1 2 3 |  3.1
Unarmed Combat | 1 2 3 |  3.1
Spellcasting   | 1 2 3 |  3.1
Evocations     | 1 2 3 |  3.1
Conjurations   | 1 2 |  2.5
Hexes          | 1 2 |  2.5
Summonings     | 1 2 |  2.5
Necromancy     | 1 2 |  2.5
Translocations | 1 2 |  2.5
Transmutations | 1 2 |  2.5
Fire Magic     | 1 2 |  2.5
Ice Magic      | 1 2 |  2.5
Air Magic      | 1 2 |  2.5
Earth Magic    | 1 2 |  2.5
Poison Magic   | 1 2 |  2.5
Axes           | 5 |  5.5
Fighting       | 7 |  7.3
Armour         | 7 |  7.3
Shields        | 7 |  7.3

Action                   |  1- 3 |  4- 6 |  7- 9 || total
-------------------------+-------+-------+-------++-------
Melee: War axe           |   117 |    87 |   147 ||   351
       Bite              |     9 |     9 |     8 ||    26
Throw: Stone             |    14 |    46 |    15 ||    75
  Use: Potion            |       |     1 |     8 ||     9
       Scroll            |       |       |     4 ||     4
Armor: Scale mail        |    34 |       |       ||    34
       Chain mail        |    36 |    56 |    80 ||   172
       Skin              |       |       |    19 ||    19
Dodge: Dodged            |    27 |    19 |    44 ||    90
Block: Kite shield       |    61 |    40 |   134 ||   235
